 Dungeon Crawl Stone Soup version 0.22-a0-422-g9628fc8 (webtiles) character file.

1929 Alphaeus the Chopper (level 9, -13/69 HPs)
             Began as a Formicid Fighter on May 21, 2018.
             Was a Priest of Okawaru.
             Mangled by a two-headed ogre
             ... wielding a +0 giant club
              (24 damage)
             ... on level 7 of the Dungeon.
             The game lasted 00:07:02 (4396 turns).

Alphaeus the Chopper (Formicid Fighter)             Turns: 4396, Time: 00:07:02

Health: -13/69     AC: 11    Str: 18 (20) XL:     9   Next: 40%
Magic:  9/9        EV: 11    Int: 14 (16) God:    Okawaru [***...]
Gold:   359        SH: 10    Dex: 11 (14) Spells: 8/8 levels left

rFire    . . .     SeeInvis +   a - +0 war axe
rCold    . . .     Gourm    .   c - +0 shield
rNeg     . . .     Faith    .   y - +0 chain mail
rPois    .         Spirit   .   (helmet unavailable)
rElec    .         Reflect  .   (no cloak)
rCorr    .         Harm     .   d - +0 pair of gloves
MR       .....                  (no boots)
Stlth    ..........             h - amulet of regeneration
HPRegen  0.61/turn              i - +3 ring of evasion
MPRegen  0.11/turn              s - +3 ring of dexterity

@: brilliant, flying, very slightly contaminated, invisible
A: permanent stasis, dig shafts and tunnels, four strong arms, antennae 3
a: Dig, Shaft Self, Heroism, Renounce Religion


You were on level 7 of the Dungeon.
You worshipped Okawaru.
Okawaru was most pleased with you.
You were not hungry.

You visited 1 branch of the dungeon, and saw 7 of its levels.

You collected 359 gold pieces.

Inventory:

Hand Weapons
 a - a +0 war axe (weapon)
 E - a +0 shortbow
Missiles
 F - 22 arrows
Armour
 b - a +0 scale mail
 c - a +0 shield (worn)
 d - a +0 pair of gloves (worn)
 p - a +0 large shield
 y - a +0 chain mail (worn)
Jewellery
 h - an amulet of regeneration (around neck)
 i - a +3 ring of evasion (left hand)
 s - a +3 ring of dexterity (right hand)
 A - an uncursed ring of fire
 B - an uncursed ring of protection from magic
Wands
 l - a wand of flame (22)
 v - a wand of scattershot (4)
Scrolls
 e - a scroll of enchant weapon {unknown}
 j - a scroll of enchant armour {unknown}
 k - 5 scrolls of identify {unknown}
 q - a scroll of noise {unknown}
 r - 2 scrolls of remove curse {unknown}
Potions
 g - a potion of brilliance
 m - a potion of curing
 o - 2 potions of haste
 w - a potion of flight
 z - a potion of lignification {unknown}
 C - a potion of magic {unknown}
 D - a potion of agility {unknown}
Comestibles
 f - 14 rations


   Skills:
 + Level 5.7 Fighting
 * Level 6.4 Axes
 + Level 1.1 Bows
 + Level 5.8 Armour
 * Level 5.4 Dodging
 + Level 6.3 Shields


You had 8 spell levels left.
You didn't know any spells.
Your spell library contained the following spells:

 Spells                   Type           Power        Failure   Level  Hunger
 Spider Form              Tmut/Pois      #.........   78%         3    ####...
 Blade Hands              Tmut           #.........   100%        5    ######.
 Ice Form                 Ice/Tmut       #.......     98%         4    #####..
 Sticks to Snakes         Tmut           #.......     58%         2    ###....
 Beastly Appendage        Tmut           #.....       45%         1    ##.....


Dungeon Overview and Level Annotations

Branches:
Dungeon (7/15)             Temple (0/1) D:4

Altars:
Ashenzari
Cheibriados
Dithmenos
Elyvilon
Hepliaklqana
Okawaru
Qazlal
Uskayaw
Vehumet

Annotations:
D:6 exclusion: oklob plant


Innate Abilities, Weirdness & Mutations

You cannot be hasted, slowed, berserked, paralysed or teleported.
You can dig through walls and to a lower floor.
Your four strong arms can wield two-handed weapons with a shield.
You have a pair of large antennae on your head. (SInv)


Message History

The necrophage hits you but does no damage.
You slash the necrophage!
You destroy the necrophage!
Okawaru accepts your kill.
You hit the two-headed ogre.
The two-headed ogre is lightly wounded.
The two-headed ogre hits you but does no damage. x2
You strike the helpless two-headed ogre from behind!
You slash the two-headed ogre!
The two-headed ogre is moderately wounded.
You block the two-headed ogre's attack.
The two-headed ogre hits you with an enchanted dire flail!
* * * LOW HITPOINT WARNING * * *
You slash the two-headed ogre!
The two-headed ogre is heavily wounded.
The two-headed ogre closely misses you. You block the two-headed ogre's attack.
You hit the two-headed ogre.
The two-headed ogre is heavily wounded.
The two-headed ogre hits you with a giant club!!
You die...

.##.#..#..#####...#####.
.##.#...........⌠........
.##.#.....#####...#####.#
.##......##...'#.#+
..)......#.8...#.#
.......#.#.._..#.#
##.......#.8.8.#.#
.....#.####...##O##
.#.#.#.# ### #.@.#
##.#.#.# #..## .......#
...## #####.. #### .. ..
.. ..# .. . #..# #..##


You could see a two-headed ogre.

Vanquished Creatures
  A sky beast (D:6)
  A necrophage (D:7)
  An ogre (D:5)
  A phantom (D:4)
  A centaur (D:6)
  4 bullfrogs
  A wyvern zombie (D:6)
  2 scorpions
  A howler monkey (D:6)
  A bullfrog zombie (D:5)
  5 crimson imps
  A bullfrog skeleton (D:6)
  4 jellies (D:6)
  2 centaur zombies
  An orc priest (D:6)
  2 orc wizards (D:6)
  A centaur skeleton (D:4)
  2 hounds
  Jessica (D:3)
  An iguana (D:4)
  2 worker ants
  Natasha (thrice) (D:3)
  Terence (D:3)
  A hound zombie (D:7)
  A howler monkey zombie (D:5)
  4 adders
  A shadow imp (D:6)
  17 oozes
  2 adder skeletons
  A worm (D:4)
  2 dart slugs
  8 leopard geckos
  15 orcs
  2 bats
  A giant cockroach (D:2)
  6 goblins
  5 hobgoblins
  18 jackals
  4 quokkas
  A ball python (D:3)
  A ball python zombie (D:5)
  4 frilled lizards
  A giant cockroach zombie (D:6)
  6 kobolds
  A quokka zombie (D:5)
  6 rats
148 creatures vanquished.

Vanquished Creatures (others)
  5 fungi (D:6)
5 creatures vanquished.

Grand Total: 153 creatures vanquished

Notes
Turn   | Place    | Note
-------+----------+-------------------------------------------
     0 | D:1      | Alphaeus the Formicid Fighter began the quest for the Orb.
     0 | D:1      | Reached XP level 1. HP: 18/18 MP: 1/1
   232 | D:1      | Reached XP level 2. HP: 24/24 MP: 2/2
   530 | D:1      | Reached skill level 1 in Dodging
   769 | D:2      | Reached XP level 3. HP: 12/29 MP: 3/3
  1051 | D:2      | Reached XP level 4. HP: 35/35 MP: 4/4
  1574 | D:3      | Noticed Jessica
  1576 | D:3      | Noticed Natasha
  1589 | D:3      | Killed Jessica
  1589 | D:3      | Reached XP level 5. HP: 13/42 MP: 5/5
  1593 | D:3      | Killed Natasha
  1765 | D:3      | Noticed Terence
  1773 | D:3      | Killed Terence
  1794 | D:3      | Found a shadowy altar of Dithmenos.
  1848 | D:3      | Noticed Natasha
  1858 | D:3      | Killed Natasha
  1858 | D:3      | Reached XP level 6. HP: 48/48 MP: 6/6
  1985 | D:3      | Found a hazy altar of Hepliaklqana.
  1994 | D:3      | Found an iron altar of Okawaru.
  1995 | D:3      | Found a shattered altar of Ashenzari.
  2038 | D:3      | Became a worshipper of Warmaster Okawaru
  2080 | D:3      | Noticed Natasha
  2085 | D:3      | Killed Natasha
  2213 | D:4      | Noticed a phantom
  2230 | D:4      | Killed a phantom
  2310 | D:4      | Noticed an air elemental
  2311 | D:4      | Found a stormy altar of Qazlal.
  2352 | D:4      | Noticed a water elemental
  2352 | D:4      | Noticed a fire elemental
  2412 | D:4      | Found a staircase to the Ecumenical Temple.
  2420 | D:4      | Reached XP level 7. HP: 52/54 MP: 7/7
  2544 | D:4      | Found a snail-covered altar of Cheibriados.
  2579 | D:5      | Entered Level 5 of the Dungeon
  2628 | D:5      | Reached * piety under Okawaru
  2758 | D:5      | Reached skill level 5 in Shields
  2784 | D:5      | Reached XP level 8. HP: 35/61 MP: 8/8
  3151 | D:6      | Reached skill level 5 in Axes
  3151 | D:6      | Reached skill level 5 in Armour
  3157 | D:6      | Found a shadowy altar of Dithmenos.
  3263 | D:6      | Reached skill level 5 in Fighting
  3300 | D:6      | Reached ** piety under Okawaru
  3687 | D:6      | Reached XP level 9. HP: 68/68 MP: 9/9
  3830 | D:6      | Noticed an oklob plant
  3855 | D:6      | Reached skill level 5 in Dodging
  3902 | D:6      | Reached *** piety under Okawaru
  4331 | D:7      | Reached skill level 1 in Bows
  4356 | D:7      | Found a radiant altar of Vehumet.
  4362 | D:7      | Found a hide-covered altar of Uskayaw.
  4363 | D:7      | Found a white marble altar of Elyvilon.
  4365 | D:7      | Noticed a two-headed ogre
  4396 | D:7      | Mangled by a two-headed ogre

Vault maps used:
D:1:      mrwooster_arrival_statue, minivault_19
D:2:      roderic_three_in_a_row, grunt_decor_cap
D:3:      grunt_dithmenos_smoke_and_mirrors, minitemple, first_ration,
          uniq_jessica, uniq_terence, uniq_natasha
D:4:      nicolae_qazlal_style_of_elements, kennysheep_mini_moat, temple_green
D:5:      minmay_misc_feat_tower
D:6:      lemuel_slime, basic_altar, st_stairs_8, grunt_ministairs_6
D:7:      nicolae_overflow_hidden_temple, grunt_temple_overflow_cloverleaf

Skill      XL: |  1  2  3  4  5  6  7  8  9 |
---------------+----------------------------+-----
Dodging        | 1 2 3 4 5 |  5.4
Shields        | 4 5 6 |  6.3
Axes           | 3 4 5 6 |  6.4
Armour         | 4 5 |  5.8
Fighting       | 4 5 |  5.7
Bows           | 1 |  1.1

Action                   |  1- 3 |  4- 6 |  7- 9 || total
-------------------------+-------+-------+-------++-------
Melee: War axe           |   109 |   169 |   364 ||   642
 Abil: Dig               |       |       |     1 ||     1
  Use: Potion            |       |     3 |     6 ||     9
 Stab: Invisible         |       |       |     1 ||     1
  Eat: Chunk             |     1 |     4 |     8 ||    13
       Ration            |       |       |     1 ||     1
Armor: Scale mail        |    34 |    39 |    56 ||   129
       Chain mail        |       |       |    68 ||    68
Dodge: Dodged            |    43 |    90 |   185 ||   318
Block: Shield            |    69 |    92 |   206 ||   367

Table legend:
 A = Spawn XP
 B = Non-spawn XP
 C = Spawn XP percentage of total XP
 D = Spawn monster count
 E = Non-spawn monster count
 F = Spawn count percentage of total count
 G = Total turns spent on level
                    A         B        C        D         E        F      G
               +---------+---------+-------+---------+---------+-------+---------
         Total |       0 |    2756 |   0.0 |       0 |     148 |   0.0 |  4396
               +---------+---------+-------+---------+---------+-------+---------
           D:1 |       0 |      25 |   0.0 |       0 |      15 |   0.0 |   718
           D:2 |       0 |      78 |   0.0 |       0 |      26 |   0.0 |   746
           D:3 |       0 |     220 |   0.0 |       0 |      22 |   0.0 |   729
           D:4 |       0 |     286 |   0.0 |       0 |      10 |   0.0 |   386
           D:5 |       0 |     508 |   0.0 |       0 |      15 |   0.0 |   552
           D:6 |       0 |    1270 |   0.0 |       0 |      53 |   0.0 |  1078
           D:7 |       0 |     369 |   0.0 |       0 |       7 |   0.0 |   187
               +---------+---------+-------+---------+---------+-------+---------
